 Dungeon Crawl Stone Soup version 0.30.0-10-gfe55d96785 (webtiles) character file.

Game seed: 3447395196629398734

39 booth the Conjurer (level 3, -1/22 (27) HPs)
             Began as a Demonspawn Reaver on May 13, 2023.
             Slain by a hobgoblin (2 damage)
             ... on level 2 of the Dungeon.
             The game lasted 00:07:47 (1425 turns).

booth the Conjurer (Demonspawn Reaver)              Turns: 1425, Time: 00:07:48

HP:   -1/22 (27)    AC:  5    Str: 11 (14) XL:     3   Next: 26%
MP:   5/6           EV: 11    Int: 11 (14) God:
Gold: 85            SH:  0    Dex: 10 (11) Spells: 5/6 levels left

rFire   x . .        a - +0 hand axe
rCold   . . .        (no shield)
rNeg    . . .        b - +0 leather armour
rPois   .            (no helmet)
rElec   .            (no cloak)
rCorr   .            j - +1 pair of gloves
SInv    .            (no boots)
Will    .....        (no amulet)
Stlth   +            (no ring)
HPRegen 0.23/turn    (no ring)
MPRegen 0.10/turn

%: no passive effects
@: about to teleport, attractive, heavily drained
A: demonic magic 1, weakness stinger 1, mutation resistance 1, heat
vulnerability 1
a: no special abilities


You were on level 2 of the Dungeon.
You visited 1 branch of the dungeon, and saw 2 of its levels.

You collected 85 gold pieces.

Inventory:

Hand Weapons
 a - a +0 hand axe (weapon)
Missiles
 f - 5 poisoned darts (quivered)
Armour
 b - a +0 leather armour (worn)
 j - a +1 pair of gloves (worn)
Scrolls
 i - a scroll of immolation {unknown}
 k - a scroll of identify
Potions
 c - 2 potions of berserk rage
 d - a potion of lignification


   Skills:
 + Level 2.2 Fighting
 * Level 3.0 Axes
 + Level 0.5 Armour
 + Level 1.9 Dodging
 + Level 2.2 Spellcasting
 * Level 3.3 Conjurations
 + Level 0.5 Necromancy


You had 5 spell levels left.
You knew the following spells:

 Your Spells              Type           Power      Damage    Failure   Level
a - Kiss of Death         Conj/Necr      20%        2d7       17%         1

Your spell library contained the following spells:

 Spells                   Type           Power      Damage    Failure   Level
 Momentum Strike          Conj/Tloc      8%         3d8       28%         2
 Hailstorm                Conj/Ice       4%         3d4       50%         3


Dungeon Overview and Level Annotations

Branches:
Dungeon (2/15)

Altars:


Innate Abilities, Weirdness & Mutations

Spells you cast may paralyse adjacent enemies.
You have a small tail.
You are somewhat resistant to further mutation.
You are vulnerable to heat. (rF-)


Message History

* * * LOW HITPOINT WARNING * * *
It was a potion of attraction.
You feel attractive to monsters.
* * * LOW HITPOINT WARNING * * *
You feel sick.
You are no longer poisoned.
The giant cockroach barely misses you.
The giant cockroach bites you but does no damage.
It was a potion of degeneration.
There was something very wrong with that liquid.
You feel weakened.
You feel dopey.
You feel clumsy. The giant cockroach misses you.
The giant cockroach barely misses you.
The giant cockroach is attracted toward you.
It was a potion of mutation.
You feel extremely strange.
You feel vulnerable to heat.
You feel genetically stable. The giant cockroach barely misses you.
The giant cockroach bites you but does no damage. x3
Casting: Kiss of Death (safe; 17% risk of failure)
Confirm with . or Enter, or press ? or * to list all spells.
Aiming: Kiss of Death (safe; 17% risk of failure)
Press: ? - help, Shift-Dir - straight line, f - giant cockroach
Aim: a giant cockroach (severely wounded, 100% to hit)
The negative energy hits the giant cockroach!
The giant cockroach is drained!
You kill the giant cockroach!
You feel drained. Malevolent energies surge around you.
The giant cockroach suddenly stops moving! x3
The giant cockroach is no longer paralysed.
The giant cockroach barely misses you.
The giant cockroach bites you but does no damage.
Okay, then.
As you read the scroll of teleportation, it crumbles to dust.
You feel strangely unstable. The hobgoblin barely misses you.
The giant cockroach bites you but does no damage.
The hobgoblin attacks as you move away! The hobgoblin hits you.
* * * LOW HITPOINT WARNING * * *
You hit the hobgoblin but do no damage.
The giant cockroach is no longer paralysed.
The hobgoblin hits you.
You die...

#.# #.#
#.#####.######
#............#######
########...........#
#...#...#####.#
#.#.......###.#
#.##..###.#.#.## #
#..># #@†....#
##..###g#......#
##BB!gB##...#.#
.....lB#B###.## #
...#.BB#B# #.# .
#....B# #.# #..#..#
#.. #..#..# ###
...#..#


You could see 7 giant cockroaches, a hobgoblin and a goblin.

Vanquished Creatures
  An adder (D:2)
  3 endoplasms (D:1)
  2 giant cockroaches
  A goblin (D:1)
  5 hobgoblins
  2 jackals (D:2)
  2 kobolds (D:1)
  2 quokkas
  2 ball pythons
  A bat (D:2)
  5 frilled lizards
  2 rats (D:1)
28 creatures vanquished.

Notes
Turn   | Place    | Note
-------+----------+-------------------------------------------
     0 | D:1      | booth the Demonspawn Reaver began the quest for the Orb.
     0 | D:1      | Reached XP level 1. HP: 16/16 MP: 3/3
   210 | D:1      | Gained mutation: Spells you cast may paralyse adjacent
                  | enemies. [demonic ancestry]
   210 | D:1      | Reached XP level 2. HP: 8/22 MP: 5/5
   395 | D:1      | Found a faded altar of an unknown god.
  1415 | D:2      | Discovered your monstrous ancestry.
  1415 | D:2      | Gained mutation: You have a small tail. [demonic ancestry]
  1415 | D:2      | Reached XP level 3. HP: 10/27 MP: 6/6
  1417 | D:2      | HP: 1/27 [giant cockroach (1)]
  1420 | D:2      | Gained mutation: You are vulnerable to heat. (rF-) [potion
                  | of mutation]
  1420 | D:2      | Gained mutation: You are somewhat resistant to further
                  | mutation. [potion of mutation]
  1424 | D:2      | HP: 1/22 [hobgoblin (1)]
  1425 | D:2      | Slain by a hobgoblin

Illustrated notes

Levels and vault maps discovered:
D:1:      dpeg_arrival_stone_temple_mockup, layout_basic,
          hellmonk_ecumenical_altar_lost_god, st_stairs_4, minmay_tetromino_t4
D:2:      minmay_roachtagon, layout_loops_ring, basic_altar, minmay_bisected

Skill      XL: |  1  2 |
---------------+-------+-----
Axes           | 3 |  3.0
Fighting       | |  2.2
Armour         | |  0.5
Dodging        | |  1.9
Spellcasting   | |  2.2
Conjurations   | |  3.3
Necromancy     | |  0.5

Action                     || total
---------------------------++-------
  Melee: Hand axe          ||    85
   Cast: Kiss of Death     ||     1
    Use: Scroll            ||     6
         Potion            ||     3
 Armour: Leather armour    ||    40
  Dodge: Dodged            ||    58
